Little Stars vs Staline
Created - 8 décembre 2016 at 19:28
Goals
|
Little Stars |
1 |
0 |
2 |
3 |
Staline |
1 |
0 |
0 |
1 |
|
Shots
|
Little Stars |
10 |
8 |
11 |
29 |
Staline |
11 |
14 |
11 |
36 |
|
1st period
1. Little Stars , Hugh Jessiman 17 (Marcus Johansson) at 17:44 (PP)
2. Staline , David Desharnais 13 (Keith Yandle, Stu Bickel) at 17:58
Penalties :
Nick Spaling (StJ) for Holding (Minor) at 17:11, Nick Spaling (StJ) for Roughing (Minor) at 18:03
2nd period
No Goal
Penalties :
Sean Avery (Tex) for Interference (Minor) at 13:09
3rd period
3. Little Stars , Marcus Johansson 13 (Alex Chiasson, Brian Flynn) at 6:19
4. Little Stars , Jared Spurgeon 2 (Alex Chiasson) at 19:14 (Empty Net)
Penalties :
Mike Reilly (StJ) for Slashing (Minor) at 9:25, Raphael Diaz (Tex) for Hooking (Minor) at 12:56
Goalie Stats
Ben Scrivens (Tex), 35 saves from 36 shots - (0,972), W, 6-1-1, 60:00 minutes
Allen York (StJ), 26 saves from 28 shots - (0,929), L, 9-6-1, 59:44 minutes
Players Stats for Little Stars
Player Name G A P +/- PIM S H SB GA TA FO MP PP MP PK MP
------------------------------------------------------------------------------------
Alex Chiasson 0 2 2 1 0 2 3 2 0 0 1/2 22:17 2:36 1:59
Alexander Vasyunov 0 0 0 1 0 0 1 0 0 0 0/0 1:23 0:39 0:00
Andrej Nestrasil 0 0 0 0 0 0 1 0 0 0 4/7 11:27 0:00 0:20
Brian Flynn 0 1 1 0 0 3 2 0 0 0 6/12 16:44 1:28 0:00
Conor Allen 0 0 0 0 0 0 1 0 0 0 0/0 8:47 0:00 0:56
Dana Tyrell 0 0 0 1 0 3 1 0 0 0 10/25 19:59 2:36 0:00
Danny DeKeiser 0 0 0 1 0 0 0 0 0 0 0/0 18:02 1:45 1:47
Hugh Jessiman 1 0 1 0 0 4 1 0 0 0 0/0 17:05 1:28 0:21
Jared Spurgeon 1 0 1 1 0 1 0 2 0 0 0/0 17:08 1:45 1:32
Jesse Joensuu 0 0 0 0 0 2 1 0 2 0 0/0 11:07 0:00 0:00
Jonathan Huberdeau 0 0 0 0 0 0 0 0 0 0 0/0 0:53 0:27 0:25
Justin Faulk 0 0 0 1 0 0 0 1 0 0 0/0 11:38 0:00 0:00
Marcus Johansson 1 1 2 0 0 4 4 0 1 0 0/0 19:59 1:42 1:34
Michael Mersch 0 0 0 0 0 0 0 0 0 0 1/1 1:13 0:00 1:13
Niklas Hjalmarsson 0 0 0 -1 0 2 0 1 2 0 0/0 22:29 2:46 2:11
Oscar Lindberg 0 0 0 0 0 0 0 0 0 0 0/0 0:00 0:00 0:00
Petter Granberg 0 0 0 1 0 1 1 1 0 0 0/0 12:41 0:00 0:24
Raphael Diaz 0 0 0 -1 2 0 1 0 1 1 0/0 21:42 2:46 1:06
Robert Klinkhammer 0 0 0 0 0 2 1 0 2 0 0/0 7:24 0:00 0:00
Scott Harrington 0 0 0 0 0 0 0 0 0 1 0/0 7:51 0:00 0:00
Sean Avery 0 0 0 0 2 2 4 0 1 0 1/5 18:56 2:24 0:59
T.J. Tynan 0 0 0 0 0 1 1 1 0 0 0/2 8:30 0:00 1:05
Tom Kuhnhackl 0 0 0 0 0 1 1 0 0 0 0/0 7:24 0:00 0:00
Ty Rattie 0 0 0 0 0 0 0 0 0 0 0/0 0:00 0:00 0:00
Tyler Randell 0 0 0 0 0 1 0 0 0 0 0/0 11:21 0:13 0:00
Players Stats for Staline
Player Name G A P +/- PIM S H SB GA TA FO MP PP MP PK MP
------------------------------------------------------------------------------------
Barclay Goodrow 0 0 0 -1 0 0 1 1 0 0 0/0 8:24 0:00 0:00
Brandon Burlon 0 0 0 0 0 1 1 0 0 1 0/0 23:04 1:40 1:44
Brandon Mashinter 0 0 0 0 0 0 1 0 0 1 2/8 14:58 1:43 0:00
Bryan Bickell 0 0 0 -2 0 0 0 3 1 0 0/0 10:44 0:02 0:36
Cody Eakin 0 0 0 0 0 2 1 0 0 0 3/4 10:42 0:02 0:00
Corey Trivino 0 0 0 -1 0 0 0 0 0 0 5/7 11:22 0:00 2:44
David Desharnais 1 0 1 0 0 6 0 0 0 0 19/31 21:17 2:13 1:11
James Sheppard 0 0 0 0 0 1 0 0 0 0 0/0 14:05 2:13 0:36
Jiri Tlusty 0 0 0 1 0 6 2 1 0 1 0/1 21:06 2:13 1:11
Jordan Caron 0 0 0 -1 0 0 0 0 0 0 0/0 13:26 1:43 0:00
Keith Yandle 0 1 1 0 0 6 1 0 0 0 0/0 25:15 2:18 1:44
Mark Fraser 0 0 0 0 0 3 2 1 1 1 0/0 16:02 0:00 2:47
Mark Stone 0 0 0 0 0 1 0 0 0 0 1/1 13:30 0:02 0:00
Matt Pettinger 0 0 0 0 0 2 1 0 0 0 0/0 17:59 1:43 2:44
Mike Reilly 0 0 0 -1 2 0 0 0 0 0 0/0 15:10 2:18 0:00
Nick Spaling 0 0 0 1 4 6 1 0 0 1 1/2 17:52 0:00 0:00
Philip Larsen 0 0 0 0 0 0 3 1 0 1 0/0 21:18 1:40 2:47
Stu Bickel 0 1 1 -1 0 2 1 0 0 3 0/0 19:12 0:00 0:00
3 Stars
1 - Ben Scrivens (Tex)
2 - Marcus Johansson (Tex)
3 - Alex Chiasson (Tex)
Power Play
Little Stars - 1 on 3 Attempt(s) - 33,33%
Staline - 0 on 2 Attempt(s) - 0,00%
Penalty Kill
Little Stars - 2 on 2 Attempt(s) - 100,00%
- Score 0 goal in Penalty Kill
Staline - 2 on 3 Attempt(s) - 66,67%
- Score 0 goal in Penalty Kill
Team Stat
Little Stars - Hits : 24 - Faceoff Wins : 23 - Blocked Shots : 8 - Penalty Minutes : 4
Staline - Hits : 15 - Faceoff Wins : 31 - Blocked Shots : 7 - Penalty Minutes : 6
Official
Referees : Sutherland Kelly and Hasenfratz Mike
Linesman : Mark Wheler and Lonnie Cameron
Game Notes
Jared Spurgeon has scored in a empty net!
Finance
Level 1 -- Attendance: 1606 (80,30%) -- Ticket Income 56 210 $
Level 2 -- Attendance: 815 (81,50%) -- Ticket Income 12 225 $
Total Attendance: 2421 (80,70%)
Total Ticket Income: 68 435 $
Other Income: 3 422 $
Total Income: 71 857 $
Little Stars
5 vs 5 Forward
Center Left Wing Right Wing Time % Phy DF OF
1 Dana Tyrell Marcus Johansson Alex Chiasson 40 1 2 2
2 Brian Flynn Sean Avery Hugh Jessiman 30 1 2 2
3 Andrej Nestrasil Jesse Joensuu Tyler Randell 20 1 2 2
4 T.J. Tynan Robert Klinkhammer Tom Kuhnhackl 10 1 2 2
5 vs 5 Defense
Defense Defense Time % Phy DF OF
1 Raphael Diaz Niklas Hjalmarsson 40 1 2 2
2 Jared Spurgeon Danny DeKeiser 30 1 2 2
3 Justin Faulk Petter Granberg 20 1 2 2
4 Conor Allen Scott Harrington 10 1 2 2
PowerPlay Forward
Center Left Wing Right Wing Time % Phy DF OF
1 Dana Tyrell Sean Avery Alex Chiasson 60 1 2 2
2 Brian Flynn Marcus Johansson Hugh Jessiman 40 1 2 2
PowerPlay Defense
Defense Defense Time % Phy DF OF
1 Raphael Diaz Niklas Hjalmarsson 60 1 2 2
2 Jared Spurgeon Danny DeKeiser 40 1 2 2
Penalty Kill 4 Players Forward
Center Wing Time % Phy DF OF
1 Sean Avery Alex Chiasson 60 1 2 2
2 Marcus Johansson Hugh Jessiman 40 1 2 2
Penalty Kill 4 Players Defense
Defense Defense Time % Phy DF OF
1 Raphael Diaz Niklas Hjalmarsson 60 1 2 2
2 Jared Spurgeon Danny DeKeiser 40 1 2 2
Penalty Kill - 3 Players Forward
Forward Time % Phy DF OF
1 Sean Avery 60 1 2 2
2 Alex Chiasson 40 1 2 2
Penalty Kill - 3 Players Defense
Defense Defense Time % Phy DF OF
1 Raphael Diaz Niklas Hjalmarsson 60 1 2 2
2 Jared Spurgeon Danny DeKeiser 40 1 2 2
4 vs 4 Forward
Center Wing Time % Phy DF OF
1 Sean Avery Alex Chiasson 60 1 2 2
2 Marcus Johansson Hugh Jessiman 40 1 2 2
4 vs 4 Defense
Defense Defense Time % Phy DF OF
1 Raphael Diaz Niklas Hjalmarsson 60 1 2 2
2 Jared Spurgeon Danny DeKeiser 40 1 2 2
Last Minutes Offensive
Center Left Wing Right Wing Defense Defense
Dana Tyrell Sean Avery Alex Chiasson Raphael Diaz Niklas Hjalmarsson
Last Minutes Defensive
Center Left Wing Right Wing Defense Defense
Dana Tyrell Sean Avery Alex Chiasson Raphael Diaz Niklas Hjalmarsson
Goaltenders
Starting : Ben Scrivens
Backup : Laurent Brossoit
Extra Forwards
Normal : Alexander Vasyunov, Jonathan Huberdeau, Michael Mersch - PP : Alexander Vasyunov, Jonathan Huberdeau - PK : Michael Mersch
Extra Defensemen
Normal : Justin Faulk, Petter Granberg, Conor Allen - PP : Justin Faulk - PK : Petter Granberg, Conor Allen
Penalty Shots
Sean Avery, Alex Chiasson, Marcus Johansson, Hugh Jessiman, Dana Tyrell
Staline
5 vs 5 Forward
Center Left Wing Right Wing Time % Phy DF OF
1 David Desharnais Nick Spaling Jiri Tlusty 40 1 2 2
2 Brandon Mashinter Matt Pettinger Mark Stone 30 1 2 2
3 Cody Eakin James Sheppard Jordan Caron 20 1 2 2
4 Corey Trivino Bryan Bickell Barclay Goodrow 10 1 2 2
5 vs 5 Defense
Defense Defense Time % Phy DF OF
1 Stu Bickel Keith Yandle 40 1 2 2
2 Brandon Burlon Philip Larsen 30 1 2 2
3 Mark Fraser Mike Reilly 20 1 2 2
4 Brandon Burlon Keith Yandle 10 1 2 2
PowerPlay Forward
Center Left Wing Right Wing Time % Phy DF OF
1 David Desharnais James Sheppard Jiri Tlusty 60 1 2 2
2 Brandon Mashinter Matt Pettinger Jordan Caron 40 1 2 2
PowerPlay Defense
Defense Defense Time % Phy DF OF
1 Mike Reilly Keith Yandle 60 1 2 2
2 Brandon Burlon Philip Larsen 40 1 2 2
Penalty Kill 4 Players Forward
Center Wing Time % Phy DF OF
1 Corey Trivino Matt Pettinger 60 1 2 2
2 David Desharnais Jiri Tlusty 40 1 2 2
Penalty Kill 4 Players Defense
Defense Defense Time % Phy DF OF
1 Philip Larsen Mark Fraser 60 1 2 2
2 Brandon Burlon Keith Yandle 40 1 2 2
Penalty Kill - 3 Players Forward
Forward Time % Phy DF OF
1 David Desharnais 60 1 2 2
2 Corey Trivino 40 1 2 2
Penalty Kill - 3 Players Defense
Defense Defense Time % Phy DF OF
1 Philip Larsen Mark Fraser 60 1 2 2
2 Brandon Burlon Keith Yandle 40 1 2 2
4 vs 4 Forward
Center Wing Time % Phy DF OF
1 David Desharnais Jiri Tlusty 60 1 2 2
2 Cody Eakin Nick Spaling 40 1 2 2
4 vs 4 Defense
Defense Defense Time % Phy DF OF
1 Stu Bickel Keith Yandle 60 1 2 2
2 Brandon Burlon Mark Fraser 40 1 2 2
Last Minutes Offensive
Center Left Wing Right Wing Defense Defense
David Desharnais Matt Pettinger Mark Stone Stu Bickel Keith Yandle
Last Minutes Defensive
Center Left Wing Right Wing Defense Defense
David Desharnais Matt Pettinger Jiri Tlusty Mark Fraser Keith Yandle
Goaltenders
Starting : Allen York
Backup : Joni Ortio
Extra Forwards
Normal : David Desharnais, Jiri Tlusty, James Sheppard - PP : David Desharnais, Matt Pettinger - PK : James Sheppard
Extra Defensemen
Normal : Keith Yandle, Brandon Burlon, Mike Reilly - PP : Keith Yandle - PK : Keith Yandle, Mike Reilly
Penalty Shots
Matt Pettinger, Jiri Tlusty, James Sheppard, Nick Spaling, David Desharnais
% Time on Ice - Little Stars
Lines # - Real PCT - Wanted PCT - Time Play
Normal Forward
1 - 34% - 40% - 17:15
2 - 30% - 30% - 15:16
3 - 22% - 20% - 11:07
4 - 15% - 10% - 7:24
Normal Defense
1 - 36% - 40% - 18:11
2 - 26% - 30% - 13:22
3 - 23% - 20% - 11:38
4 - 15% - 10% - 7:51
PP Forward
1 - 62% - 60% - 2:49
2 - 38% - 40% - 1:42
PP Defense
1 - 61% - 60% - 2:46
2 - 39% - 40% - 1:45
PK Forward
1 - 91% - 60% - 3:37
2 - 9% - 40% - 0:21
PK Defense
1 - 61% - 60% - 2:26
2 - 39% - 40% - 1:32
PK3 Forward
1 - 0% - 60%
2 - 0% - 40%
PK3 Defense
1 - 0% - 60%
2 - 0% - 40%
44 Forward
1 - 0% - 60%
2 - 0% - 40%
44 Defense
1 - 0% - 60%
2 - 0% - 40%
Last Minute Offensive - 0:00
Last Minute Defensive - 0:29
Total
Forward - 60:00
Defense - 60:00
|
% Time on Ice - Staline
Lines # - Real PCT - Wanted PCT - Time Play
Normal Forward
1 - 35% - 40% - 18:07
2 - 28% - 30% - 14:27
3 - 20% - 20% - 10:04
4 - 16% - 10% - 8:24
Normal Defense
1 - 37% - 40% - 19:00
2 - 33% - 30% - 16:37
3 - 24% - 20% - 12:22
4 - 6% - 10% - 3:03
PP Forward
1 - 57% - 60% - 2:15
2 - 43% - 40% - 1:43
PP Defense
1 - 58% - 60% - 2:18
2 - 42% - 40% - 1:40
PK Forward
1 - 74% - 60% - 3:20
2 - 26% - 40% - 1:11
PK Defense
1 - 62% - 60% - 2:47
2 - 38% - 40% - 1:44
PK3 Forward
1 - 0% - 60%
2 - 0% - 40%
PK3 Defense
1 - 0% - 60%
2 - 0% - 40%
44 Forward
1 - 0% - 60%
2 - 0% - 40%
44 Defense
1 - 0% - 60%
2 - 0% - 40%
Last Minute Offensive - 0:29
Last Minute Defensive - 0:00
Total
Forward - 60:00
Defense - 60:00
|
Play by Play
1st period
0:01 of 1st period - David Desharnais wins face-off versus Dana Tyrell in neutral zone.
1:36 of 1st period - Snap shot by Alex Chiasson.
1:36 of 1st period - Shot Misses the Net.
1:38 of 1st period - Slapshot by Danny DeKeiser.
1:38 of 1st period - Shot Misses the Net.
1:56 of 1st period - Stu Bickel is hit by Brian Flynn and loses puck.
2:38 of 1st period - T.J. Tynan is hit by Mark Fraser and loses puck.
3:02 of 1st period - Snap shot by Cody Eakin.
3:02 of 1st period - Shot Misses the Net.
3:41 of 1st period - Snap shot by Robert Klinkhammer.
3:41 of 1st period - Deflect By Tom Kuhnhackl.
3:41 of 1st period - Shot Misses the Net.
3:41 of 1st period - Puck is out of play.
3:42 of 1st period - Dana Tyrell wins face-off versus David Desharnais in Staline zone.
3:53 of 1st period - Wrist shot by Jiri Tlusty.
3:53 of 1st period - Stopped by Ben Scrivens with a rebound.
4:25 of 1st period - Scott Harrington is hit by Philip Larsen.
6:18 of 1st period - Raphael Diaz is hit by Philip Larsen and loses puck.
7:07 of 1st period - Icing by Corey Trivino.
7:08 of 1st period - Corey Trivino wins face-off versus T.J. Tynan in Staline zone.
7:17 of 1st period - Slapshot by Tom Kuhnhackl.
7:17 of 1st period - Stopped by Allen York without a rebound.
7:18 of 1st period - Dana Tyrell wins face-off versus Brandon Mashinter in Staline zone.
7:19 of 1st period - Snap shot by Marcus Johansson.
7:19 of 1st period - Shot Misses the Net.
7:35 of 1st period - Slapshot by Keith Yandle.
7:35 of 1st period - Stopped by Ben Scrivens with a rebound.
8:01 of 1st period - Snap shot by Dana Tyrell.
8:01 of 1st period - Stopped by Allen York without a rebound.
8:02 of 1st period - Brian Flynn wins face-off versus Nick Spaling in Staline zone.
8:19 of 1st period - Sean Avery is hit by Jiri Tlusty and loses puck.
8:42 of 1st period - Slapshot by Jordan Caron.
8:42 of 1st period - Shot Misses the Net.
8:44 of 1st period - Slapshot by Mark Fraser.
8:44 of 1st period - Stopped by Ben Scrivens with a rebound.
8:54 of 1st period - Bryan Bickell is hit by Robert Klinkhammer and loses puck.
9:21 of 1st period - Snap shot by Marcus Johansson.
9:21 of 1st period - Shot Misses the Net.
9:23 of 1st period - Wrist shot by Dana Tyrell.
9:23 of 1st period - Shot Misses the Net.
9:33 of 1st period - Brian Flynn is hit by Stu Bickel and loses puck.
9:38 of 1st period - Wrist shot by David Desharnais.
9:38 of 1st period - Shot Misses the Net.
9:40 of 1st period - Slapshot by Stu Bickel.
9:40 of 1st period - Deflect By Jiri Tlusty.
9:40 of 1st period - Stopped by Ben Scrivens with a rebound.
9:42 of 1st period - Snap shot by Stu Bickel.
9:42 of 1st period - Stopped by Ben Scrivens with a rebound.
9:52 of 1st period - Brandon Burlon is hit by Andrej Nestrasil and loses puck.
10:17 of 1st period - Snap shot by Marcus Johansson.
10:17 of 1st period - Stopped by Allen York with a rebound.
10:55 of 1st period - Wrist shot by Brandon Mashinter.
10:55 of 1st period - Shot Misses the Net.
11:07 of 1st period - Sean Avery is hit by Mark Fraser and loses puck.
11:29 of 1st period - Marcus Johansson is hit by Keith Yandle and loses puck.
11:54 of 1st period - Icing by Nick Spaling.
11:55 of 1st period - David Desharnais wins face-off versus Brian Flynn in Staline zone.
12:02 of 1st period - Backhand shot by Sean Avery.
12:02 of 1st period - Stopped by Allen York without a rebound.
12:03 of 1st period - David Desharnais wins face-off versus Sean Avery in Staline zone.
12:12 of 1st period - Snap shot by David Desharnais.
12:12 of 1st period - Shot Hit the Post.
13:17 of 1st period - Snap shot by Brandon Mashinter.
13:17 of 1st period - Shot Blocked by Jared Spurgeon.
13:19 of 1st period - Snap shot by Matt Pettinger.
13:19 of 1st period - Deflect By Mark Stone.
13:19 of 1st period - Stopped by Ben Scrivens with a rebound.
13:38 of 1st period - Keith Yandle is hit by Sean Avery and loses puck.
13:55 of 1st period - Wrist shot by Matt Pettinger.
13:55 of 1st period - Deflect By Mark Stone.
13:55 of 1st period - Shot Misses the Net.
13:55 of 1st period - Puck is out of play.
13:56 of 1st period - Dana Tyrell wins face-off versus Jiri Tlusty in Little Stars zone.
14:01 of 1st period - Wrist shot by Marcus Johansson.
14:01 of 1st period - Stopped by Allen York with a rebound.
14:03 of 1st period - Snap shot by Dana Tyrell.
14:03 of 1st period - Stopped by Allen York without a rebound.
14:04 of 1st period - David Desharnais wins face-off versus Dana Tyrell in Staline zone.
15:12 of 1st period - Snap shot by Alex Chiasson.
15:12 of 1st period - Shot Misses the Net.
15:18 of 1st period - Snap shot by Alex Chiasson.
15:18 of 1st period - Stopped by Allen York without a rebound.
15:19 of 1st period - Cody Eakin wins face-off versus Dana Tyrell in Staline zone.
15:19 of 1st period - Cody Eakin is hit by Marcus Johansson.
16:08 of 1st period - Snap shot by Cody Eakin.
16:08 of 1st period - Stopped by Ben Scrivens without a rebound.
16:09 of 1st period - Andrej Nestrasil wins face-off versus David Desharnais in Little Stars zone.
16:22 of 1st period - Snap shot by David Desharnais.
16:22 of 1st period - Shot Misses the Net.
16:24 of 1st period - Slapshot by David Desharnais.
16:24 of 1st period - Stopped by Ben Scrivens with a rebound.
16:45 of 1st period - Snap shot by Bryan Bickell.
16:45 of 1st period - Shot Misses the Net.
16:47 of 1st period - Slapshot by Keith Yandle.
16:47 of 1st period - Stopped by Ben Scrivens without a rebound.
16:48 of 1st period - Brian Flynn wins face-off versus David Desharnais in Little Stars zone.
16:53 of 1st period - Mark Fraser is hit by Sean Avery and loses puck.
17:00 of 1st period - Snap shot by Hugh Jessiman.
17:00 of 1st period - Stopped by Allen York with a rebound.
17:02 of 1st period - Slapshot by Sean Avery.
17:02 of 1st period - Deflect By Hugh Jessiman.
17:02 of 1st period - Shot Blocked by Mark Fraser.
17:02 of 1st period - Puck is out of play.
17:03 of 1st period - David Desharnais wins face-off versus Dana Tyrell in Staline zone.
17:11 of 1st period - Minor Penalty to Nick Spaling for Holding.
17:12 of 1st period - Corey Trivino wins face-off versus Dana Tyrell in Staline zone.
17:44 of 1st period - Wrist shot by Hugh Jessiman.
17:44 of 1st period - Goal by Hugh Jessiman - Little Stars : 1 - Staline : 0.
17:45 of 1st period - David Desharnais wins face-off versus Dana Tyrell in neutral zone.
17:52 of 1st period - Wrist shot by Nick Spaling.
17:52 of 1st period - Shot Misses the Net.
17:54 of 1st period - Slapshot by Stu Bickel.
17:54 of 1st period - Shot Blocked by Niklas Hjalmarsson.
17:56 of 1st period - Slapshot by Keith Yandle.
17:56 of 1st period - Stopped by Ben Scrivens with a rebound.
17:58 of 1st period - Slapshot by David Desharnais.
17:58 of 1st period - Goal by David Desharnais - Little Stars : 1 - Staline : 1.
17:59 of 1st period - Dana Tyrell wins face-off versus David Desharnais in neutral zone.
18:03 of 1st period - Minor Penalty to Nick Spaling for Roughing.
18:04 of 1st period - Alex Chiasson wins face-off versus Corey Trivino in Staline zone.
18:34 of 1st period - Off-side.
18:35 of 1st period - David Desharnais wins face-off versus Dana Tyrell in neutral zone.
19:23 of 1st period - Snap shot by Alex Chiasson.
19:23 of 1st period - Stopped by Allen York with a rebound.
19:29 of 1st period - Slapshot by Sean Avery.
19:29 of 1st period - Shot Misses the Net.
19:31 of 1st period - Wrist shot by Alex Chiasson.
19:31 of 1st period - Deflect By Dana Tyrell.
19:31 of 1st period - Shot Misses the Net.
19:31 of 1st period - Puck is out of play.
19:32 of 1st period - David Desharnais wins face-off versus Brian Flynn in Staline zone.
Goals for this period are 1 for Little Stars vs 1 for Staline.
Shots for this period are 10 for Little Stars vs 11 for Staline.
2nd period
0:01 of 2nd period - Corey Trivino wins face-off versus Dana Tyrell in neutral zone.
0:03 of 2nd period - Penalty to Nick Spaling is over, Nick Spaling is back on ice.
0:06 of 2nd period - Slapshot by Matt Pettinger.
0:06 of 2nd period - Shot Misses the Net.
0:08 of 2nd period - Backhand shot by Nick Spaling.
0:08 of 2nd period - Shot Misses the Net.
0:10 of 2nd period - Wrist shot by Nick Spaling.
0:10 of 2nd period - Stopped by Ben Scrivens with a rebound.
0:12 of 2nd period - Backhand shot by Mark Fraser.
0:12 of 2nd period - Stopped by Ben Scrivens with a rebound.
0:14 of 2nd period - Slapshot by Mark Fraser.
0:14 of 2nd period - Stopped by Ben Scrivens without a rebound.
0:15 of 2nd period - Dana Tyrell wins face-off versus David Desharnais in Little Stars zone.
0:42 of 2nd period - Philip Larsen is hit by Sean Avery and loses puck.
1:25 of 2nd period - Corey Trivino is hit by Tom Kuhnhackl and loses puck.
1:47 of 2nd period - Nick Spaling is hit by Marcus Johansson and loses puck.
1:56 of 2nd period - Nick Spaling is hit by Alex Chiasson and loses puck.
2:37 of 2nd period - Wrist shot by Cody Eakin.
2:37 of 2nd period - Shot Misses the Net.
2:39 of 2nd period - Slapshot by Keith Yandle.
2:39 of 2nd period - Stopped by Ben Scrivens with a rebound.
2:41 of 2nd period - Slapshot by Stu Bickel.
2:41 of 2nd period - Deflect By James Sheppard.
2:41 of 2nd period - Shot Misses the Net.
2:41 of 2nd period - Puck is out of play.
2:42 of 2nd period - David Desharnais wins face-off versus Dana Tyrell in Little Stars zone.
2:45 of 2nd period - Snap shot by David Desharnais.
2:45 of 2nd period - Shot Blocked by Alex Chiasson.
3:16 of 2nd period - Wrist shot by Marcus Johansson.
3:16 of 2nd period - Shot Misses the Net.
3:38 of 2nd period - Snap shot by Cody Eakin.
3:38 of 2nd period - Stopped by Ben Scrivens with a rebound.
3:40 of 2nd period - Slapshot by Brandon Burlon.
3:40 of 2nd period - Stopped by Ben Scrivens without a rebound.
3:41 of 2nd period - David Desharnais wins face-off versus Brian Flynn in Little Stars zone.
3:42 of 2nd period - Snap shot by Jiri Tlusty.
3:42 of 2nd period - Shot Misses the Net.
3:44 of 2nd period - Snap shot by Nick Spaling.
3:44 of 2nd period - Shot Misses the Net.
3:46 of 2nd period - Slapshot by Nick Spaling.
3:46 of 2nd period - Stopped by Ben Scrivens without a rebound.
3:47 of 2nd period - Brian Flynn wins face-off versus David Desharnais in Little Stars zone.
5:00 of 2nd period - Corey Trivino is hit by Marcus Johansson and loses puck.
5:23 of 2nd period - Snap shot by Nick Spaling.
5:23 of 2nd period - Stopped by Ben Scrivens with a rebound.
5:40 of 2nd period - Off-side.
5:41 of 2nd period - Dana Tyrell wins face-off versus David Desharnais in neutral zone.
5:43 of 2nd period - Off-side.
5:44 of 2nd period - David Desharnais wins face-off versus Dana Tyrell in neutral zone.
5:47 of 2nd period - Snap shot by Keith Yandle.
5:47 of 2nd period - Shot Blocked by Alex Chiasson.
5:55 of 2nd period - Wrist shot by Dana Tyrell.
5:55 of 2nd period - Stopped by Allen York without a rebound.
5:56 of 2nd period - Dana Tyrell wins face-off versus David Desharnais in Staline zone.
6:09 of 2nd period - Wrist shot by David Desharnais.
6:09 of 2nd period - Stopped by Ben Scrivens without a rebound.
6:10 of 2nd period - Nick Spaling wins face-off versus Alex Chiasson in Little Stars zone.
6:25 of 2nd period - Wrist shot by Marcus Johansson.
6:25 of 2nd period - Shot Misses the Net.
6:33 of 2nd period - Jiri Tlusty is hit by Alex Chiasson and loses puck.
7:58 of 2nd period - Nick Spaling is hit by Dana Tyrell and loses puck.
8:12 of 2nd period - Slapshot by Nick Spaling.
8:12 of 2nd period - Stopped by Ben Scrivens with a rebound.
8:14 of 2nd period - Slapshot by Nick Spaling.
8:14 of 2nd period - Deflect By David Desharnais.
8:14 of 2nd period - Stopped by Ben Scrivens without a rebound.
8:15 of 2nd period - Brian Flynn wins face-off versus Brandon Mashinter in Little Stars zone.
8:15 of 2nd period - Brian Flynn is hit by Brandon Mashinter.
8:31 of 2nd period - Slapshot by Matt Pettinger.
8:31 of 2nd period - Stopped by Ben Scrivens with a rebound.
8:43 of 2nd period - Snap shot by Niklas Hjalmarsson.
8:43 of 2nd period - Stopped by Allen York without a rebound.
8:44 of 2nd period - Andrej Nestrasil wins face-off versus Cody Eakin in Staline zone.
8:45 of 2nd period - Wrist shot by Jesse Joensuu.
8:45 of 2nd period - Shot Misses the Net.
8:47 of 2nd period - Slapshot by Jesse Joensuu.
8:47 of 2nd period - Stopped by Allen York with a rebound.
8:49 of 2nd period - Snap shot by Tyler Randell.
8:49 of 2nd period - Stopped by Allen York without a rebound.
8:50 of 2nd period - Mark Stone wins face-off versus Brian Flynn in Staline zone.
9:14 of 2nd period - Icing by Matt Pettinger.
9:15 of 2nd period - Cody Eakin wins face-off versus Andrej Nestrasil in Staline zone.
10:12 of 2nd period - Backhand shot by Brian Flynn.
10:12 of 2nd period - Stopped by Allen York with a rebound.
10:30 of 2nd period - Snap shot by Cody Eakin.
10:30 of 2nd period - Shot Blocked by T.J. Tynan.
10:39 of 2nd period - Icing by Cody Eakin.
10:40 of 2nd period - Brian Flynn wins face-off versus Corey Trivino in Staline zone.
10:51 of 2nd period - Slapshot by Keith Yandle.
10:51 of 2nd period - Deflect By Hugh Jessiman.
10:51 of 2nd period - Stopped by Ben Scrivens with a rebound.
10:53 of 2nd period - Wrist shot by Corey Trivino.
10:53 of 2nd period - Shot Misses the Net.
10:55 of 2nd period - Slapshot by Stu Bickel.
10:55 of 2nd period - Stopped by Ben Scrivens with a rebound.
11:24 of 2nd period - Off-side.
11:25 of 2nd period - Andrej Nestrasil wins face-off versus Brandon Mashinter in neutral zone.
11:30 of 2nd period - Mark Fraser is hit by Raphael Diaz and loses puck.
12:36 of 2nd period - Philip Larsen is hit by Marcus Johansson.
12:40 of 2nd period - Slapshot by Alex Chiasson.
12:40 of 2nd period - Shot Blocked by Bryan Bickell.
13:09 of 2nd period - Minor Penalty to Sean Avery for Interference.
13:10 of 2nd period - Michael Mersch wins face-off versus David Desharnais in Little Stars zone.
15:09 of 2nd period - Penalty to Sean Avery is over, Sean Avery is back on ice.
15:25 of 2nd period - Snap shot by Sean Avery.
15:25 of 2nd period - Shot Blocked by Bryan Bickell.
16:04 of 2nd period - Snap shot by Brian Flynn.
16:04 of 2nd period - Stopped by Allen York with a rebound.
16:24 of 2nd period - Corey Trivino is hit by T.J. Tynan and loses puck.
16:39 of 2nd period - Snap shot by Jesse Joensuu.
16:39 of 2nd period - Shot Misses the Net.
17:30 of 2nd period - Slapshot by Niklas Hjalmarsson.
17:30 of 2nd period - Deflect By Robert Klinkhammer.
17:30 of 2nd period - Stopped by Allen York without a rebound.
17:31 of 2nd period - Corey Trivino wins face-off versus T.J. Tynan in Staline zone.
18:17 of 2nd period - Wrist shot by Jesse Joensuu.
18:17 of 2nd period - Shot Misses the Net.
18:19 of 2nd period - Backhand shot by Jesse Joensuu.
18:19 of 2nd period - Shot Misses the Net.
18:21 of 2nd period - Snap shot by Jesse Joensuu.
18:21 of 2nd period - Shot Misses the Net.
18:23 of 2nd period - Snap shot by Andrej Nestrasil.
18:23 of 2nd period - Shot Misses the Net.
18:27 of 2nd period - Slapshot by Jesse Joensuu.
18:27 of 2nd period - Shot Misses the Net.
19:19 of 2nd period - Snap shot by Sean Avery.
19:19 of 2nd period - Shot Blocked by Philip Larsen.
19:34 of 2nd period - Wrist shot by Brian Flynn.
19:34 of 2nd period - Stopped by Allen York with a rebound.
Goals for this period are 0 for Little Stars vs 0 for Staline.
Shots for this period are 8 for Little Stars vs 14 for Staline.
3rd period
0:01 of 3rd period - David Desharnais wins face-off versus Dana Tyrell in neutral zone.
0:15 of 3rd period - Backhand shot by Jiri Tlusty.
0:15 of 3rd period - Stopped by Ben Scrivens without a rebound.
0:16 of 3rd period - Brian Flynn wins face-off versus Brandon Mashinter in Little Stars zone.
0:50 of 3rd period - Wrist shot by Jiri Tlusty.
0:50 of 3rd period - Shot Misses the Net.
0:52 of 3rd period - Wrist shot by David Desharnais.
0:52 of 3rd period - Stopped by Ben Scrivens with a rebound.
0:54 of 3rd period - Slapshot by Jiri Tlusty.
0:54 of 3rd period - Stopped by Ben Scrivens without a rebound.
0:55 of 3rd period - Cody Eakin wins face-off versus Sean Avery in Little Stars zone.
1:22 of 3rd period - Icing by Nick Spaling.
1:23 of 3rd period - David Desharnais wins face-off versus Dana Tyrell in Staline zone.
1:48 of 3rd period - Nick Spaling is hit by Jesse Joensuu and loses puck.
1:58 of 3rd period - Slapshot by David Desharnais.
1:58 of 3rd period - Stopped by Ben Scrivens with a rebound.
2:00 of 3rd period - Wrist shot by David Desharnais.
2:00 of 3rd period - Shot Blocked by Jared Spurgeon.
2:20 of 3rd period - Snap shot by Jesse Joensuu.
2:20 of 3rd period - Shot Misses the Net.
2:22 of 3rd period - Wrist shot by Andrej Nestrasil.
2:22 of 3rd period - Shot Misses the Net.
2:24 of 3rd period - Slapshot by Jared Spurgeon.
2:24 of 3rd period - Shot Misses the Net.
2:26 of 3rd period - Wrist shot by Jesse Joensuu.
2:26 of 3rd period - Shot Misses the Net.
2:36 of 3rd period - Jared Spurgeon is hit by Philip Larsen.
2:59 of 3rd period - Wrist shot by Jesse Joensuu.
2:59 of 3rd period - Stopped by Allen York without a rebound.
3:00 of 3rd period - Brandon Mashinter wins face-off versus Dana Tyrell in Staline zone.
3:05 of 3rd period - Slapshot by Keith Yandle.
3:05 of 3rd period - Stopped by Ben Scrivens without a rebound.
3:06 of 3rd period - Dana Tyrell wins face-off versus Brandon Mashinter in Little Stars zone.
3:11 of 3rd period - Slapshot by Niklas Hjalmarsson.
3:11 of 3rd period - Shot Misses the Net.
3:35 of 3rd period - Jordan Caron is hit by Sean Avery and loses puck.
4:20 of 3rd period - Brandon Burlon is hit by Alex Chiasson and loses puck.
4:33 of 3rd period - Brian Flynn is hit by Cody Eakin and loses puck.
5:26 of 3rd period - Snap shot by Hugh Jessiman.
5:26 of 3rd period - Stopped by Allen York with a rebound.
5:36 of 3rd period - Scott Harrington is hit by Matt Pettinger and loses puck.
5:57 of 3rd period - Slapshot by Niklas Hjalmarsson.
5:57 of 3rd period - Deflect By Keith Yandle.
5:57 of 3rd period - Stopped by Allen York with a rebound.
6:15 of 3rd period - Wrist shot by Marcus Johansson.
6:15 of 3rd period - Stopped by Allen York with a rebound.
6:17 of 3rd period - Snap shot by Alex Chiasson.
6:17 of 3rd period - Shot Blocked by Barclay Goodrow.
6:19 of 3rd period - Backhand shot by Alex Chiasson.
6:19 of 3rd period - Deflect By Marcus Johansson.
6:19 of 3rd period - Deflect By Stu Bickel.
6:19 of 3rd period - Goal by Marcus Johansson - Little Stars : 2 - Staline : 1.
6:20 of 3rd period - David Desharnais wins face-off versus Dana Tyrell in neutral zone.
6:25 of 3rd period - Wrist shot by Nick Spaling.
6:25 of 3rd period - Stopped by Ben Scrivens with a rebound.
6:54 of 3rd period - Snap shot by Sean Avery.
6:54 of 3rd period - Stopped by Allen York without a rebound.
6:55 of 3rd period - Brandon Mashinter wins face-off versus Brian Flynn in Staline zone.
6:55 of 3rd period - Brandon Mashinter is hit by Hugh Jessiman.
7:05 of 3rd period - Slapshot by Brandon Mashinter.
7:05 of 3rd period - Shot Misses the Net.
7:07 of 3rd period - Slapshot by Stu Bickel.
7:07 of 3rd period - Shot Blocked by Justin Faulk.
7:09 of 3rd period - Snap shot by Mark Stone.
7:09 of 3rd period - Shot Blocked by Petter Granberg.
7:11 of 3rd period - Wrist shot by Matt Pettinger.
7:11 of 3rd period - Stopped by Ben Scrivens without a rebound.
7:12 of 3rd period - Dana Tyrell wins face-off versus David Desharnais in Little Stars zone.
7:37 of 3rd period - Mark Stone is hit by Brian Flynn and loses puck.
7:46 of 3rd period - Wrist shot by Hugh Jessiman.
7:46 of 3rd period - Stopped by Allen York without a rebound.
7:47 of 3rd period - Dana Tyrell wins face-off versus David Desharnais in Staline zone.
8:00 of 3rd period - Wrist shot by Alex Chiasson.
8:00 of 3rd period - Shot Misses the Net.
8:02 of 3rd period - Backhand shot by Petter Granberg.
8:02 of 3rd period - Stopped by Allen York with a rebound.
8:34 of 3rd period - Justin Faulk is hit by Barclay Goodrow and loses puck.
8:58 of 3rd period - Icing by Justin Faulk.
8:59 of 3rd period - David Desharnais wins face-off versus Brian Flynn in Little Stars zone.
9:00 of 3rd period - Backhand shot by Nick Spaling.
9:00 of 3rd period - Stopped by Ben Scrivens with a rebound.
9:02 of 3rd period - Slapshot by Mike Reilly.
9:02 of 3rd period - Shot Misses the Net.
9:04 of 3rd period - Slapshot by David Desharnais.
9:04 of 3rd period - Shot Misses the Net.
9:14 of 3rd period - Wrist shot by Nick Spaling.
9:14 of 3rd period - Shot Misses the Net.
9:25 of 3rd period - Minor Penalty to Mike Reilly for Slashing.
9:26 of 3rd period - Corey Trivino wins face-off versus Dana Tyrell in Staline zone.
10:36 of 3rd period - Keith Yandle is hit by Alexander Vasyunov and loses puck.
11:25 of 3rd period - Penalty to Mike Reilly is over, Mike Reilly is back on ice.
11:32 of 3rd period - Wrist shot by Robert Klinkhammer.
11:32 of 3rd period - Stopped by Allen York with a rebound.
11:34 of 3rd period - Slapshot by Justin Faulk.
11:34 of 3rd period - Shot Blocked by Jiri Tlusty.
11:36 of 3rd period - Wrist shot by T.J. Tynan.
11:36 of 3rd period - Stopped by Allen York without a rebound.
11:37 of 3rd period - David Desharnais wins face-off versus Andrej Nestrasil in Staline zone.
12:16 of 3rd period - Cody Eakin is hit by Petter Granberg.
12:46 of 3rd period - Snap shot by Sean Avery.
12:46 of 3rd period - Shot Blocked by Bryan Bickell.
12:51 of 3rd period - Off-side.
12:52 of 3rd period - David Desharnais wins face-off versus Andrej Nestrasil in neutral zone.
12:56 of 3rd period - Minor Penalty to Raphael Diaz for Hooking.
12:57 of 3rd period - David Desharnais wins face-off versus Sean Avery in Little Stars zone.
12:57 of 3rd period - Wrist shot by Jiri Tlusty.
12:57 of 3rd period - Stopped by Ben Scrivens with a rebound.
12:59 of 3rd period - Slapshot by Mike Reilly.
12:59 of 3rd period - Deflect By Jiri Tlusty.
12:59 of 3rd period - Stopped by Ben Scrivens without a rebound.
13:00 of 3rd period - David Desharnais wins face-off versus Sean Avery in Little Stars zone.
13:03 of 3rd period - Wrist shot by Jiri Tlusty.
13:03 of 3rd period - Deflect By James Sheppard.
13:03 of 3rd period - Stopped by Ben Scrivens with a rebound.
13:33 of 3rd period - Slapshot by Matt Pettinger.
13:33 of 3rd period - Shot Misses the Net.
13:35 of 3rd period - Slapshot by Brandon Mashinter.
13:35 of 3rd period - Shot Misses the Net.
14:47 of 3rd period - Danny DeKeiser is hit by Jiri Tlusty and loses puck.
14:56 of 3rd period - Penalty to Raphael Diaz is over, Raphael Diaz is back on ice.
14:57 of 3rd period - Icing by Alex Chiasson.
14:58 of 3rd period - Sean Avery wins face-off versus Brandon Mashinter in Little Stars zone.
14:58 of 3rd period - Sean Avery is hit by Brandon Burlon.
15:52 of 3rd period - Brandon Mashinter is hit by Conor Allen.
16:56 of 3rd period - Raphael Diaz is hit by Nick Spaling and loses puck.
17:21 of 3rd period - Snap shot by Robert Klinkhammer.
17:21 of 3rd period - Shot Hit the Post.
18:58 of 3rd period - Staline, Allen York is pulled from the net.
19:14 of 3rd period - Slapshot by Jared Spurgeon.
19:14 of 3rd period - Goal by Jared Spurgeon - Little Stars : 3 - Staline : 1.
19:14 of 3rd period - Allen York from Staline was sent back in the game.
19:15 of 3rd period - Andrej Nestrasil wins face-off versus David Desharnais in neutral zone.
Goals for this period are 2 for Little Stars vs 0 for Staline.
Shots for this period are 11 for Little Stars vs 11 for Staline.
Back to the Top